 Dungeon Crawl Stone Soup version 0.22-a0-833-g8522bf8125 (webtiles) character file.

1348 Htamos the Slasher (level 8, -3/64 HPs)
             Began as a Formicid Fighter on July 25, 2018.
             Was an Initiate of Gozag.
             Slain by an orc warrior
             ... wielding a +0 war axe of electrocution
              (11 damage)
             ... on level 5 of the Dungeon.
             The game lasted 00:12:11 (6185 turns).

Htamos the Slasher (Formicid Fighter)               Turns: 6185, Time: 00:12:11

Health: -3/64      AC: 10    Str: 21    XL:     8   Next: 94%
Magic:  8/8        EV: 10    Int:  8    God:    Gozag
Gold:   756        SH: 11    Dex: 12    Spells: 7/7 levels left

rFire    . . .     SeeInvis +   a - +1 long sword
rCold    . . .     Gourm    .   c - +1 shield
rNeg     . . .     Faith    .   b - +0 scale mail
rPois    .         Spirit   .   (helmet unavailable)
rElec    .         Reflect  .   A - +0 cloak
rCorr    .         Harm     .   (no gloves)
MR       .....                  m - +0 pair of boots
Stlth    ..........             (no amulet)
HPRegen  0.20/turn              (no ring)
MPRegen  0.11/turn              (no ring)

@: no status effects
A: permanent stasis, dig shafts and tunnels, four strong arms, antennae 3
a: Dig, Shaft Self, Potion Petition, Call Merchant, Bribe Branch, Renounce
Religion


You were on level 5 of the Dungeon.
You worshipped Gozag.
Gozag was pleased with you.
You were hungry.

You visited 1 branch of the dungeon, and saw 6 of its levels.

You collected 773 gold pieces.
You paid 17 gold pieces to Gozag.

Inventory:

Hand Weapons
 a - a +1 long sword (weapon)
Missiles
 e - 255 stones (quivered)
Armour
 b - a +0 scale mail (worn)
 c - a +1 shield (worn)
 g - a +0 scale mail
 m - a +0 pair of boots (worn)
 A - a +0 cloak (worn)
Jewellery
 j - an uncursed ring of magical power {unknown}
 k - a cursed ring of teleportation {unknown}
 t - an uncursed ring of stealth {unknown}
 v - a cursed ring of attention {unknown}
 w - an uncursed ring of fire {unknown}
Wands
 i - a wand of clouds (3)
 n - a wand of acid (5)
 o - a wand of iceblast (7)
 y - a wand of enslavement (9)
 z - a wand of paralysis (12)
Scrolls
 h - a scroll of enchant weapon
 l - a scroll of amnesia
 r - 2 scrolls of remove curse
 u - a scroll of fog
 x - 2 scrolls of identify
Potions
 d - 2 potions of curing
 p - a potion of mutation
 q - a potion of degeneration
 s - a potion of brilliance {unknown}
Comestibles
 f - 7 rations


   Skills:
 + Level 5.6 Fighting
 * Level 6.4 Long Blades
 + Level 5.6 Armour
 + Level 2.9 Dodging
 + Level 6.3 Shields


You had 7 spell levels left.
You didn't know any spells.
Your spell library was empty.

Dungeon Overview and Level Annotations

Branches:
Dungeon (6/15)             Temple (0/1) D:4

Altars:
Ashenzari
Gozag
Makhleb
Nemelex Xobeh
Sif Muna
Trog
Uskayaw
Yredelemnul

Annotations:
D:4 Dowan, Duvessa


Innate Abilities, Weirdness & Mutations

You cannot be hasted, slowed, berserked, paralysed or teleported.
You can dig through walls and to a lower floor.
Your four strong arms can wield two-handed weapons with a shield.
You have a pair of large antennae on your head. (SInv)


Message History

* * * LOW HITPOINT WARNING * * *
Evoke which item? (* to show all) (? for menu, Esc to quit)
Aiming: Paralyse
Press: ? - help, Shift-Dir - straight line, f - orc warrior
Aim: an orc warrior, wielding a war axe of electrocution and wearing a chain mail (moderately wounded, chance to defeat MR: 46%)
The orc warrior resists with some effort.
Evoke which item? (* to show all) (? for menu, Esc to quit)
Okay, then.
You are feeling hungry.
There is an open door here.
There is an open door here.
There is an open door here.
You block the orc warrior's attack.
There is an open door here.
There is a stone staircase leading up here.
The orc warrior hits you with a war axe of electrocution!
* * * LOW HITPOINT WARNING * * *
You are electrocuted!
You die...
Your body crumbles into a pile of gold.

###########
##.........#####################
.#.........#...............#...#
.#.........#...............'...#
.#.........+...............#...#
.#.........#...............#...#
##.........#...............#...#
.#.........'.o.o@.?........#...#
.#.........#########....########
.#.........#....####....####..###
.#.........#......#..............
.#.........'......+..............
.#.........#......#.............[
.#.........#+########'####+#####+
###'######.......................
....'....#.......................


You could see an orc warrior and an orc.

Vanquished Creatures
  A wraith (D:6)
  Eustachio (D:5)
  An ice beast (D:6)
  3 phantoms
  A bullfrog (D:6)
  A scorpion (D:6)
  3 wights (D:6)
  2 crimson imps (D:5)
  A hound (D:5)
  An orc priest (D:4)
  Ijyb (D:5)
  3 worker ants
  2 worker ant zombies (D:6)
  6 gnolls
  3 adders (D:4)
  3 shadow imps
  An adder skeleton (D:4)
  4 worms
  4 leopard geckos
  11 orcs
  4 giant cockroaches
  8 goblins
  9 hobgoblins
  12 jackals
  2 quokkas
  3 ball pythons
  9 bats
  8 frilled lizards
  4 kobolds
  2 leopard gecko zombies
  A quokka skeleton (D:5)
  7 rats
122 creatures vanquished.

Notes
Turn   | Place    | Note
-------+----------+-------------------------------------------
     0 | D:1      | Htamos the Formicid Fighter began the quest for the Orb.
     0 | D:1      | Reached XP level 1. HP: 18/18 MP: 1/1
   216 | D:1      | Reached XP level 2. HP: 24/24 MP: 2/2
   598 | D:1      | Reached XP level 3. HP: 23/29 MP: 3/3
  1554 | D:2      | Reached XP level 4. HP: 37/37 MP: 4/4
  1697 | D:2      | Found a burning altar of Makhleb.
  1697 | D:2      | Found a faded altar of an unknown god.
  1702 | D:2      | Found a faded altar of an unknown god.
  1704 | D:2      | Found a basalt altar of Yredelemnul.
  1712 | D:2      | Found an opulent altar of Gozag.
  1936 | D:2      | Noticed a phantom
  1951 | D:2      | Killed a phantom
  1951 | D:2      | Reached XP level 5. HP: 17/42 MP: 5/5
  2023 | D:2      | Became a worshipper of Gozag Ym Sagoz the Greedy
  2676 | D:3      | Found a shattered altar of Ashenzari.
  3103 | D:4      | Reached XP level 6. HP: 48/48 MP: 6/6
  3139 | D:4      | Found a bloodstained altar of Trog.
  3183 | D:4      | Found a hide-covered altar of Uskayaw.
  3307 | D:4      | Found a staircase to the Ecumenical Temple.
  3346 | D:4      | Found a deep blue altar of Sif Muna.
  3346 | D:4      | Noticed a phantom
  3367 | D:4      | Killed a phantom
  3587 | D:4      | Reached skill level 1 in Dodging
  3587 | D:4      | Reached skill level 5 in Shields
  3613 | D:4      | Reached XP level 7. HP: 20/55 MP: 7/7
  4148 | D:5      | Entered Level 5 of the Dungeon
  4148 | D:5      | Noticed Duvessa
  4148 | D:5      | Noticed Dowan
  4479 | D:5      | Reached skill level 5 in Long Blades
  4561 | D:5      | Noticed Eustachio
  4591 | D:5      | Killed Eustachio
  4843 | D:5      | Reached skill level 5 in Armour
  4843 | D:5      | Reached XP level 8. HP: 60/61 MP: 8/8
  4904 | D:5      | Reached skill level 5 in Fighting
  4983 | D:5      | Noticed Ijyb
  4993 | D:5      | Killed Ijyb
  5440 | D:6      | Noticed a wraith
  5456 | D:6      | Killed a wraith
  6065 | D:6      | Found a sparkling altar of Nemelex Xobeh.
  6185 | D:5      | Slain by an orc warrior

Vault maps used:
D:1:      dpeg_arrival_morbid_curiosity, minmay_pentomino_o4
D:2:      chequers_temple_overflow_minitemple, kennysheep_generic_room_14
D:3:      ashenzari_altar_1
D:4:      lemuel_round_altar, lemuel_round_altar, minmay_temple_entry_mist,
          trog_three_pillars_becter
D:5:      first_ration, uniq_duvessa, uniq_ijyb, uniq_eustachio
D:6:      overflow_temple_1_default, nemelex_xobeh_ov_fountains_minmay

Skill      XL: |  1  2  3  4  5  6  7  8 |
---------------+-------------------------+-----
Shields        | 4 5 6 |  6.3
Long Blades    | 3 4 5 6 |  6.4
Fighting       | 4 5 |  5.6
Armour         | 4 5 |  5.6
Dodging        | 1 2 |  2.9

Action                   |  1- 3 |  4- 6 |  7- 9 || total
-------------------------+-------+-------+-------++-------
Melee: Long sword        |   118 |   182 |   239 ||   539
 Abil: Dig               |     3 |       |     1 ||     4
Evoke: Wand              |       |       |     1 ||     1
  Use: Potion            |       |     4 |     2 ||     6
       Scroll            |       |    11 |     5 ||    16
 Stab: Invisible         |       |       |     2 ||     2
  Eat: Chunk             |     2 |     2 |       ||     4
       Ration            |       |     1 |     3 ||     4
Armor: Scale mail        |    57 |    67 |    75 ||   199
       Skin              |       |     5 |       ||     5
Dodge: Dodged            |    32 |    56 |    95 ||   183
Block: Shield            |    80 |    89 |   147 ||   316
       Rpst.: Long sword |    16 |    10 |    34 ||    60

Table legend:
 A = Spawn XP
 B = Non-spawn XP
 C = Spawn XP percentage of total XP
 D = Spawn monster count
 E = Non-spawn monster count
 F = Spawn count percentage of total count
 G = Total turns spent on level
                    A         B        C        D         E        F      G
               +---------+---------+-------+---------+---------+-------+---------
         Total |       0 |    1926 |   0.0 |       0 |     122 |   0.0 |  6185
               +---------+---------+-------+---------+---------+-------+---------
           D:1 |       0 |      44 |   0.0 |       0 |      26 |   0.0 |  1139
           D:2 |       0 |     175 |   0.0 |       0 |      28 |   0.0 |  1369
           D:3 |       0 |      27 |   0.0 |       0 |      15 |   0.0 |   561
           D:4 |       0 |     442 |   0.0 |       0 |      22 |   0.0 |  1102
           D:5 |       0 |     500 |   0.0 |       0 |      17 |   0.0 |  1321
           D:6 |       0 |     738 |   0.0 |       0 |      14 |   0.0 |   693
               +---------+---------+-------+---------+---------+-------+---------
